 Dungeon Crawl Stone Soup version 0.30-b1-2-g02819fbbbe (webtiles) character file.

Game seed: 6204547775867901822

5046 redmage the Adept (level 11, -7/74 HPs)
             Began as a Meteoran Earth Elementalist on Aug 1, 2023.
             Was a Believer of Sif Muna.
             Shot with an arrow by a centaur (12 damage)
             ... on level 11 of the Dungeon.
             The game lasted 00:39:42 (2262 turns).

redmage the Adept (Meteoran Earth Elementalist)     Turns: 2262, Time: 00:39:43

Health: -7/74      AC:  6    Str: 10    XL:     11   Next: 10%
Magic:  5/21       EV: 12    Int: 22    God:    Sif Muna [**....]
Gold:   308        SH:  0    Dex: 14    Spells: 7/22 levels left

rFire   . . .        x - +1 dagger (venom)
rCold   . . .        d - orb {*channel}
rNeg    . . .        h - +0 steam dragon scales
rPois   .            (no helmet)
rElec   .            z - scarf {repulsion}
rCorr   .            t - +0 pair of gloves
SInv    .            (no boots)
Will    +....        (no amulet)
Stlth   +            g - ring of wizardry
HPRegen 0.32/turn    (no ring)
MPRegen 0.17/turn

%: repel missiles, wizardry (x1), channel magic (20%)
@: glowing
A: sense surroundings 2, otherworldly, glowing, explore regen
a: Renounce Religion, Channel Magic


You were on level 11 of the Dungeon.
You worshipped Sif Muna.
Sif Muna was pleased with you.
You visited 3 branches of the dungeon, and saw 14 of its levels.

You collected 344 gold pieces.
You spent 36 gold pieces at shops.

Inventory:

Hand Weapons
 e - a +0 vampiric trident
 x - a +1 dagger of venom (weapon)
 y - the +7 whip of the Messenger {heavy, rC+ Str-4 Dex+4}
   (You found it on level 10 of the Dungeon)

   Str:       It affects your strength (-4).
   Dex:       It affects your dexterity (+4).
   rC:        It protects you from cold.
Missiles
 k - 4 poisoned darts
 u - 4 boomerangs
Armour
 d - an orb of energy (worn)
 h - +0 steam dragon scales (worn)
 q - a +2 robe of positive energy
 t - a +0 pair of gloves (worn)
 v - +0 acid dragon scales
 z - a scarf of repulsion (worn)
Jewellery
 g - a ring of wizardry (left hand)
Wands
 r - a wand of acid (7)
 w - a wand of flame (25)
Scrolls
 c - a scroll of poison
 i - 2 scrolls of enchant weapon
 l - 2 scrolls of butterflies
 m - a scroll of fog
 B - 2 scrolls of teleportation
Potions
 a - 2 potions of flight {unknown}
 b - 2 potions of magic
 f - 3 potions of heal wounds
 j - a potion of lignification
 p - a potion of cancellation {unknown}
 A - a potion of brilliance {unknown}


   Skills:
 - Level 2.1 Short Blades
 - Level 2.4 Dodging
 - Level 1.9 Stealth
 - Level 6.2 Spellcasting
 - Level 9.2 Conjurations
 - Level 6.1 Transmutations
 * Level 4.6 Fire Magic
 - Level 9.1 Earth Magic
 - Level 9.4 Invocations


You had 7 spell levels left.
You knew the following spells:

 Your Spells              Type           Power      Damage    Failure   Level
a - Sandblast             Erth           94%        2d19      1%          1
b - Passwall              Tmut/Erth      33%        N/A       1%          2
c - Stone Arrow           Conj/Erth      94%        3d12      1%          3
d - Petrify               Tmut/Erth      40%        N/A       4%          4
e - Fireball              Conj/Fire      18%        3d9       13%         5

Your spell library contained the following spells:

 Spells                   Type           Power      Damage    Failure   Level
 Foxfire                  Conj/Fire      100%       2x1d9     1%          1
 Dazzling Flash           Conj/Hex       54%        N/A       5%          3
 Leda's Liquefaction      Hex/Erth       13%        N/A       13%         4
 Starburst                Conj/Fire      18%        6d7       47%         6
 Metabolic Englaciation   Hex/Ice        3%         N/A       80%         5
 Plasma Beam              Fire/Air       8%         2x1d21    95%         6
 Storm Form               Tmut/Air       10%        N/A       100%        7


Dungeon Overview and Level Annotations

Branches:
Dungeon (11/15) Zot: 4481  Temple (1/1) D:5 Zot: 537     Orc (2/2) D:11 Zot: 1049
   Lair: D:8-11         Elf: Orc:2

Altars:
Ashenzari
Dithmenos
Elyvilon
Fedhas
Gozag
Hepliaklqana
Kikubaaqudgha
Makhleb
Okawaru
Sif Muna
Trog
Uskayaw
Vehumet
Xom
Yredelemnul
Zin
The Shining One

Shops:
D:6 ([!:[

Annotations:
D:8 Gastronok
Orc:1 Urug


Innate Abilities, Weirdness & Mutations

You passively map the area around you.
You are easily found by Zot.
You glow in the dark.
You regain HP and MP as you explore.


Message History

Okay, then.
Unknown command.
Unknown command.
Casting: Fireball (dangerous; 13% risk of failure)
Confirm with . or Enter, or press ? or * to list all spells.
Okay, then.
Unknown command.
Casting: Fireball (dangerous; 13% risk of failure)
Confirm with . or Enter, or press ? or * to list all spells.
Aiming: Petrify (dangerous; 4% risk of failure)
Press: ? - help, Shift-Dir - straight line, f - orc warrior
Aim: an orc warrior, wielding a +0 flail and wearing a +0 plate armour (chance to affect: 66%)
The orc warrior is moving more slowly.
Unknown command.
Your +1 dagger of venom begins to drip with poison!
x - a +1 dagger of venom (weapon)
A centaur comes into view.
The centaur shouts!
A centaur comes into view. x2
The centaur moves out of view.
Things that are here:
a +0 flail; a +0 leather armour; an orc corpse The orc warrior stops moving altogether!
The centaur wields a +0 shortbow.
The centaur shoots an arrow.
The arrow hits you!
The centaur shoots an arrow.
The arrow hits you!
* * * LOW HITPOINT WARNING * * *
The centaur shoots an arrow.
The arrow barely misses you.
The centaur wields a +0 shortbow.
The centaur shoots an arrow.
The arrow barely misses you.
The centaur shoots an arrow.
The arrow barely misses you.
You hear a shout!
The centaur shoots an arrow.
The arrow closely misses you.
The centaur shoots an arrow.
The arrow closely misses you.
There is a staircase to the Orcish Mines here.
The centaur shoots an arrow.
The arrow hits you!
* * * LOW HITPOINT WARNING * * *
The centaur shoots an arrow.
The arrow completely misses you.
The centaur shoots an arrow.
The arrow hits you!
You die...

,
*#.........#........#....o.....
,#...#..Y########...#..........
..,#..#...# #...........c...
*#..# #....# #...............
##...#....# ##..........c...
#......Y### ##.............
##..#....# ###........... ##
##.#########################
##* +.#...@.....c........ ,
,#.#..........c....... *
#.#...[....).o)))....,
#.....[.............o ,
#..........).....##.. ,
#≈....#.............,
#.~...#..............,
#####################


You could see an orc warrior (petrified) and 2 centaurs.

Vanquished Creatures
  2 two-headed ogres
  Joseph (D:9)
  2 yaks
  A steam dragon (D:9)
  Edmund (D:6)
  A warg (D:11)
  2 acid dragons
  A swamp drake (D:11)
  2 black bears (D:6)
  3 orc warriors
  2 ogres (Orc:1)
  6 centaurs
  A kobold brigand (D:5)
  2 bullfrogs
  A gnoll sergeant (D:10)
  2 scorpions (D:5)
  8 killer bees
  3 howler monkeys
  11 orc priests
  A sleepcap (D:6)
  4 orc wizards
  2 iguanas (D:6)
  3 gnolls (D:10)
  3 adders
  A white imp (D:5)
  An ufetubus (D:7)
  A worm (D:3)
  2 dart slugs
  32 orcs
  2 ball pythons
  3 endoplasms
  A goblin (D:3)
  A hobgoblin (D:2)
  3 jackals (D:3)
  A quokka (D:3)
  2 frilled lizards
  7 kobolds
  A rat (D:2)
123 creatures vanquished.

Vanquished Creatures (others)
  A plant (D:3)
1 creature vanquished.

Grand Total: 124 creatures vanquished

Notes
Turn   | Place    | Note
-------+----------+-------------------------------------------
     0 | D:1      | redmage the Meteoran Earth Elementalist began the quest for
                  | the Orb.
     0 | D:1      | Reached XP level 1. HP: 14/14 MP: 5/5
    91 | D:2      | Reached XP level 2. HP: 20/20 MP: 2/6
   102 | D:2      | Learned a level 2 spell: Passwall
   130 | D:3      | Reached XP level 3. HP: 26/26 MP: 3/8
   134 | D:3      | Learned a level 3 spell: Stone Arrow
   159 | D:3      | Found a broken altar of Ashenzari.
   165 | D:3      | Reached skill level 1 in Conjurations
   205 | D:5      | Entered Level 5 of the Dungeon
   205 | D:5      | Noticed a centaur
   207 | D:5      | Killed a centaur
   208 | D:5      | Reached skill level 5 in Earth Magic
   208 | D:5      | Reached XP level 4. HP: 23/33 MP: 4/9
   208 | D:5      | Reached XP level 5. HP: 27/38 MP: 4/10
   217 | D:5      | Found a staircase to the Ecumenical Temple.
   226 | D:5      | Reached XP level 6. HP: 45/45 MP: 5/11
   228 | Temple   | Entered the Ecumenical Temple
   269 | Temple   | Became a worshipper of Sif Muna the Loreminder
   332 | D:5      | Found a glowing golden altar of the Shining One.
   356 | D:5      | Reached skill level 5 in Conjurations
   376 | D:6      | Found Kialistres's Antique Armour Boutique.
   396 | D:5      | Reached XP level 7. HP: 40/50 MP: 5/12
   451 | D:6      | Got Jisox's Grimoire of Remoulded Jinxing
   466 | D:6      | Found a bloodstained altar of Trog.
   514 | D:6      | Reached skill level 1 in Invocations
   514 | D:6      | Reached XP level 8. HP: 57/57 MP: 5/13
   587 | D:6      | Found Heemi's Weapon Shoppe.
   646 | D:6      | Found Kuab Sigh's Distillery.
   649 | D:6      | Noticed Edmund
   669 | D:6      | Bought a potion of curing for 36 gold pieces
   671 | D:6      | Found Utekli's Book Shoppe.
   681 | D:6      | Reached * piety under Sif Muna
   690 | D:6      | Killed Edmund
   702 | D:6      | Found Fuip's Antique Armour Emporium.
   906 | D:9      | Reached skill level 5 in Invocations
   911 | D:9      | Gained mutation: You passively map the area around you.
                  | [Meteoran growth]
   911 | D:9      | Reached XP level 9. HP: 22/62 MP: 0/14
  1052 | D:9      | Noticed a two-headed ogre
  1141 | D:8      | Noticed Gastronok
  1338 | D:9      | Noticed Joseph
  1375 | D:8      | Learned a level 4 spell: Petrify
  1413 | D:8      | Found a hide-covered altar of Uskayaw.
  1418 | D:8      | Found a shadowy altar of Dithmenos.
  1449 | D:9      | Killed Joseph
  1449 | D:9      | Reached ** piety under Sif Muna
  1480 | D:10     | Entered Level 10 of the Dungeon
  1505 | D:10     | Reached XP level 10. HP: 69/69 MP: 7/17
  1609 | D:10     | Identified the +7 whip of the Messenger {heavy, rC+ Str-4
                  | Dex+4}
  1624 | D:10     | Noticed a two-headed ogre
  1673 | D:10     | Found an opulent altar of Gozag.
  1815 | D:10     | Reached skill level 5 in Transmutations
  1951 | D:10     | Killed a two-headed ogre
  1952 | D:10     | Reached skill level 5 in Spellcasting
  1969 | D:11     | Noticed a cyclops
  1973 | D:11     | Noticed a cyclops
  2021 | D:11     | Noticed a two-headed ogre
  2022 | D:11     | Noticed a cyclops
  2029 | D:11     | Noticed a cyclops
  2047 | D:11     | Found a staircase to the Orcish Mines.
  2061 | Orc:1    | Entered Level 1 of the Orcish Mines
  2062 | Orc:1    | Noticed a two-headed ogre
  2070 | Orc:1    | Killed a two-headed ogre
  2078 | Orc:1    | Learned a level 5 spell: Fireball
  2084 | Orc:1    | Reached skill level 1 in Fire Magic
  2120 | Orc:2    | Entered Level 2 of the Orcish Mines
  2127 | Orc:1    | Reached XP level 11. HP: 53/74 MP: 14/21
  2169 | Orc:1    | Noticed Urug
  2262 | D:11     | Shot with an arrow by a centaur

Illustrated notes

Levels and vault maps discovered:
D:1:      lightli_arrival_isolated_outpost, layout_basic
D:2:      layout_rooms, basic_altar, uniq_jessica
D:3:      layout_rooms, lemuel_tele_altar, overflow_temple_1_default,
          corexii_hall_statues_deadend, nrook_uturn, serial_bayou_crossing,
          uniq_ijyb
D:4:      layout_loops_corners
D:5:      layout_basic, slow_altar_1, nemelex_xobeh_ov_fountains_minmay,
          nicolae_wu_jian_immortal_techniques, tso_metal_star,
          minmay_temple_entry_junction
D:6:      layout_basic, trog_ov_bears_minmay, serial_shops,
          nicolae_shop_real_fake_doors, nicolae_shop_crystal,
          nicolae_shop_tiny_glass, shop, nicolae_lakefront_shop,
          uniq_crazy_yiuf_cottage, uniq_edmund, uniq_blork_the_orc
D:7:      layout_loops_ring, mainiacjoe_overflow_brackets
D:8:      layout_layer_cave, grunt_temple_overflow_open, lair_entry_dummy,
          uniq_gastronok
D:9:      layout_loops_corners, uniq_joseph
D:10:     layout_roguey, nicolae_gozag_seed_capital
D:11:     layout_cave_pools, erik_orc_1, nicolae_qazlal_style_of_elements
Temple:   nicolae_temple_bog_church
Orc:1:    emtedronai_trogs_sanctum, layout_diamond_mine, hangedman_minor_magic,
          uniq_urug
Orc:2:    st_orc_congregation, layout_caves, nicolae_orc_lost_temple,
          uniq_rupert, uniq_donald

Skill      XL: |  1  2  3  4  5  6  7  8  9 10 11 |
---------------+----------------------------------+-----
Earth Magic    | 4 5 6 7 8 9 |  9.1
Spellcasting   | 3 6 |  6.2
Conjurations   | 3 4 5 6 7 8 9 |  9.2
Invocations    | 1 5 8 9 |  9.4
Transmutations | 3 6 |  6.1
Short Blades   | 2 |  2.1
Fire Magic     | 2 4 |  4.6
Dodging        | |  2.4
Stealth        | |  1.9

Action                     |  1- 3 |  4- 6 |  7- 9 | 10-12 || total
---------------------------+-------+-------+-------+-------++-------
  Melee: Trident           |       |       |     6 |       ||     6
         Dagger            |       |       |    12 |    12 ||    24
   Cast: Sandblast         |    28 |    14 |    53 |    16 ||   111
         Stone Arrow       |     1 |     8 |    52 |    44 ||   105
         Passwall          |       |       |     2 |     3 ||     5
         Petrify           |       |       |     2 |     3 ||     5
  Evoke: Wand              |       |       |     5 |     4 ||     9
    Use: Scroll            |     1 |     2 |     6 |     4 ||    13
         Potion            |       |       |     4 |     3 ||     7
   Stab: Petrified         |       |       |    12 |     4 ||    16
 Armour: Robe              |     5 |     2 |     6 |       ||    13
         Skin              |       |       |    10 |    15 ||    25
         Steam dragon scal |       |       |     1 |     2 ||     3
  Dodge: Dodged            |     5 |     6 |    23 |    29 ||    63
         Repelled          |       |       |       |     2 ||     2
